 Dungeon Crawl Stone Soup version 0.26.0-11-g8f856b5395 (webtiles) character file.

Game seed: 603336948271555031

365 Jerry the Cudgeller (level 6, -6/61 HPs)
             Began as a Troll Berserker on Jan 15, 2021.
             Was a Priest of Trog.
             Splashed by Pikel's acid (15 damage)
             ... on level 4 of the Dungeon.
             The game lasted 00:09:47 (2541 turns).

Jerry the Cudgeller (Troll Berserker)               Turns: 2541, Time: 00:09:47

Health: -6/61      AC:  5    Str: 26    XL:     6   Next: 40%
Magic:  5/5        EV: 11    Int:  5    God:    Trog [***...]
Gold:   113        SH:  0    Dex:  9    Spells: 5/5 levels left

rFire    . . .     SeeInvis .   n - +0 mace (protect)
rCold    . . .     Faith    .   (no shield)
rNeg     . . .     Spirit   .   b - +0 animal skin
rPois    .         Reflect  .   (helmet restricted)
rElec    .         Harm     .   (no cloak)
rCorr    .         Rampage  .   (gloves unavailable)
Will     .....                  (boots unavailable)
Stlth    +.........             (no amulet)
HPRegen  0.60/turn              o - +4 ring of protection
MPRegen  0.09/turn              (no ring)

@: corroded, protection aura, berserk cooldown, hasted and slowed
A: large, unfitting armour, claws 3, regeneration 1, shaggy fur 1, tough skin 3
a: Renounce Religion, Berserk, Trog's Hand


You were on level 4 of the Dungeon.
You worshipped Trog.
Trog was most pleased with you.
You visited 1 branch of the dungeon, and saw 4 of its levels.

You collected 113 gold pieces.

Inventory:

Hand Weapons
 n - a +0 mace of protection (weapon)
Armour
 b - a +0 animal skin (worn)
Jewellery
 o - a +4 ring of protection (left claw)
Scrolls
 d - a scroll of identify
 e - a scroll of amnesia
Potions
 a - a potion of berserk rage
 i - 2 potions of lignification
 j - a potion of heal wounds
 l - 2 potions of ambrosia
 m - 2 potions of brilliance {unknown}
 p - a potion of flight {unknown}


   Skills:
 + Level 3.6 Fighting
 * Level 5.0 Maces & Flails
 + Level 3.6 Dodging


You had 5 spell levels left.
You didn't know any spells.
Your spell library was empty.

Dungeon Overview and Level Annotations

Branches:
Dungeon (4/15)
 Temple: D:4-7

Altars:
Qazlal
The Shining One

Annotations:
D:4 Pikel


Innate Abilities, Weirdness & Mutations

You are too large for most types of armour.
You have claws for hands.
Your natural rate of healing is unusually fast.
You are covered in fur. (AC +1)
You have extremely tough skin. (AC +3)


Message History

You hit Pikel but do no damage.
Pikel is severely wounded.
You closely miss Pikel.
Pikel is severely wounded.
Pikel hits you but does no damage.
You closely miss Pikel.
Pikel is severely wounded.
You are no longer berserk.
You are exhausted.
You feel yourself slow down.
Pikel hits you with a +2 whip of flaming.
Pikel burns you.
You aren't carrying any items that you can evoke.
You feel yourself speed up. Pikel misses you.
You miss Pikel.
Pikel is severely wounded.
Pikel zaps a wand.
The bolt of acid hits you!!
* * * LOW HITPOINT WARNING * * *
The acid corrodes you!
You are splashed with acid!
You die...

....... ..#..#..#.#
....
#..#.###.#.....#.#
####
#....).....)...#.#
#........#######.#
##...............#
####
.............######
.....
#########....#
####......
............#
#...5..5..
#######.#@###
#.##...... #.#K#
#5# ...K! #.#5# #.#
.... #.#5#####.##
... ##.#5..5....#
.. #..########## .
###'### #≈≈.≈≈#
#≈♣.♣≈#


You could see Pikel and 3 lemures.

Vanquished Creatures
  Duvessa (D:4)
  Dowan (D:4)
  A howler monkey (D:4)
  A worker ant (D:4)
  Robin (D:1)
  4 adders
  An ooze (D:2)
  2 dart slugs
  A worm (D:3)
  2 leopard geckos
  6 orcs
  A ball python (D:1)
  3 giant cockroaches (D:3)
  9 goblins
  17 hobgoblins
  5 kobolds
  3 quokkas (D:2)
  7 bats
  4 frilled lizards
  10 rats
80 creatures vanquished.

Notes
Turn   | Place    | Note
-------+----------+-------------------------------------------
     0 | D:1      | Jerry the Troll Berserker began the quest for the Orb.
     0 | D:1      | Reached XP level 1. HP: 22/22 MP: 0/0
   155 | D:1      | Reached skill level 3 in Maces & Flails
   155 | D:1      | Reached XP level 2. HP: 29/29 MP: 1/1
   820 | D:2      | Reached ** piety under Trog
   827 | D:2      | Reached XP level 3. HP: 31/36 MP: 2/2
   898 | D:2      | Noticed Robin
   950 | D:1      | Killed Robin
   978 | D:2      | Reached XP level 4. HP: 43/44 MP: 3/3
  1559 | D:3      | Reached skill level 4 in Maces & Flails
  1562 | D:3      | Reached *** piety under Trog
  1847 | D:3      | Found a stormy altar of Qazlal.
  1911 | D:3      | Reached XP level 5. HP: 51/53 MP: 4/4
  2220 | D:4      | Noticed Duvessa
  2220 | D:4      | Noticed Dowan
  2247 | D:4      | Killed Duvessa
  2248 | D:4      | Reached XP level 6. HP: 61/61 MP: 5/5
  2254 | D:4      | Killed Dowan
  2255 | D:4      | Reached skill level 5 in Maces & Flails
  2414 | D:4      | Found a glowing golden altar of the Shining One.
  2502 | D:4      | Noticed Pikel
  2541 | D:4      | Splashed by Pikel's acid

Illustrated notes

Levels and vault maps discovered:
D:1:      amcnicky_arrival_single_pillar, layout_basic
D:2:      layout_loops_cross, chequers_serial_rivers_micro_a,
          grunt_ministairs_3, minmay_domino_2, uniq_robin
D:3:      layout_loops_ring, marbit_many_paths, kennysheep_cluttered_room
D:4:      layout_basic, kennysheep_little_box, okawaru_altar_gauntlet_db,
          uniq_natasha, uniq_pikel, uniq_duvessa

Skill      XL: |  1  2  3  4  5  6 |
---------------+-------------------+-----
Maces & Flails | 3 4 5 |  5.0
Dodging        | 3 |  3.6
Fighting       | 3 |  3.6

Action                   |  1- 3 |  4- 6 || total
-------------------------+-------+-------++-------
Melee: Mace              |   109 |   193 ||   302
Invok: Berserk           |       |     2 ||     2
  Use: Scroll            |       |    10 ||    10
       Potion            |       |     1 ||     1
Armor: Animal skin       |    43 |    98 ||   141
Dodge: Dodged            |    65 |   106 ||   171
